 Dungeon Crawl Stone Soup version 0.18.1-48-g4cf74bf (webtiles) character file.

380 Hopiakuusi the Caller (level 6, -1/41 HPs)
             Began as a Mummy Summoner on Aug 18, 2016.
             Slain by a killer bee (4 damage)
             ... on level 4 of the Dungeon.
             The game lasted 00:31:28 (5323 turns).

Hopiakuusi the Caller (Mummy Summoner)              Turns: 5323, Time: 00:31:28

Health: -1/41      AC:  2    Str: 11    XL:     6   Next: 46%
Magic:  6/13       EV: 12    Int: 17    God:
Gold:   154        SH:  0    Dex: 12    Spells: 4 memorised, 4 levels left

rFire  x . .     SeeInvis .     d - +2 hand axe (flame)
rCold  + . .     Gourm    .     a - +0 robe
rNeg   + + +     Faith    .     (no shield)
rPois  ∞         Spirit   .     (no helmet)
rElec  .         Dismiss  .     (no cloak)
rCorr  .         Reflect  .     (no gloves)
SustAt .         Harm     .     (no boots)
MR     .....                    (no amulet)
Stlth  ++........               (no ring)
                                (no ring)

@: not resistant to hostile enchantments, unstealthy
A: no food or potions, fire vulnerability, cold resistance 1, negative energy
resistance 3, torment resistance, unbreathing
a: no special abilities


You were on level 4 of the Dungeon.
You were not hungry.

You visited 1 branch of the dungeon, and saw 4 of its levels.

You collected 154 gold pieces.

Inventory:

Hand Weapons
 c - a +0 antimagic whip
 d - a +2 hand axe of flaming (weapon)
Armour
 a - a +0 robe (worn)
Jewellery
 n - an uncursed ring of protection from magic
Wands
 l - a wand of flame (16/48)
Scrolls
 e - a scroll of fear {unknown}
 f - 2 scrolls of amnesia
 g - a scroll of identify
 h - a scroll of enchant weapon {unknown}
 i - 3 scrolls of teleportation {unknown}
 j - a scroll of immolation
 k - a scroll of noise {unknown}
 m - a scroll of remove curse {unknown}
 o - a scroll of fog {unknown}
Books
 b - a book of Callings

   Spells                             Type                      Level
   a - Summon Small Mammal            Summoning                    1
   b - Call Imp                       Summoning                    2
   c - Call Canine Familiar           Summoning                    3
   d - Summon Guardian Golem          Hexes/Summoning              3
   e - Summon Lightning Spire         Summoning/Air                4
   f - Summon Ice Beast               Ice/Summoning                4


   Skills:
 - Level 1.5 Dodging
 - Level 1.5 Stealth
 + Level 4.7 Spellcasting
 + Level 4.9 Summonings
 * Level 1.0 Air Magic


You had 4 spell levels left.
You knew the following spells:

 Your Spells              Type           Power        Failure   Level  Hunger
a - Summon Small Mammal   Summ           ###.         1%          1    N/A
b - Call Imp              Summ           ###.....     2%          2    N/A
c - Call Canine Familiar  Summ           ###.....     8%          3    N/A
d - Summon Lightning Spi  Summ/Air       ##......     45%         4    N/A

Dungeon Overview and Level Annotations

Branches:
Dungeon (4/15)
 Temple: D:4-7

Altars:
Yredelemnul
The Shining One


Innate Abilities, Weirdness & Mutations

You do not eat or drink.
Your flesh is vulnerable to fire.
You are immune to poison.
Your flesh is cold resistant.
You are immune to negative energy.
You are immune to unholy pain and torment.
You can survive without breathing.


Message History

Forget which spell ([?*] list [ESC] exit)?
Forget which spell ([?*] list [ESC] exit)?
Okay, then.
The killer bee stings you.
* * * LOW HITPOINT WARNING * * *
Your crimson imp hits the killer bee.
Your hound completely misses the killer bee.
The killer bee stings you but does no damage.
Your hound bites the killer bee.
The killer bee misses your hound.
You are too injured to fight recklessly!
You completely miss the killer bee.
The killer bee is severely wounded.
Your crimson imp disappears in a puff of smoke!
Your hound closely misses the killer bee.
The killer bee completely misses you. The killer bee closely misses you.
Your hound bites the killer bee.
You completely miss the killer bee.
The killer bee is almost dead.
The killer bee stings you.
You die...

#....≈≈##### ###
#....≈≈≈≈≈≈≈ ..#
#....≈≈≈≈≈≈≈ #.#
#.....P...... #.#
####.....##.## #. #.#
####.5...##... #.# #.#
#....h§......#
#.#####.###.##5y...##..#
#.#............@...##..#
#.#.#################.<#
#.#.# #.##.§# #.#.##
#....# #....##### ##..##
#......... ## ##†##
###...##### ##.# ##.#
..........##.# #.# ##.##
.....<.....>.# #.###..#


You could see a killer bee (inner flame), a friendly hound, a friendly crimson
imp and a friendly white imp.

Vanquished Creatures
  Natasha (D:2)
  4 adders
  A dart slug (D:2)
  An orc (D:3)
  A giant cockroach (D:2)
  4 goblins
  3 hobgoblins
  A kobold (D:1)
  A quokka (D:3)
  4 bats
  A giant gecko skeleton (D:4)
  2 giant newts
  4 rats
28 creatures vanquished.

Vanquished Creatures (collateral kills)
  Sigmund (D:2)
  An ogre (D:4)
  Blork the orc (D:4)
  A scorpion (D:4)
  A centaur skeleton (D:4)
  Natasha (twice) (D:2)
  A worker ant (D:4)
  2 adders (D:2)
  4 gnolls (D:2)
  2 worms
  2 dart slugs
  2 giant geckos
  4 orcs (D:3)
  A ball python (D:2)
  5 bats
  2 giant cockroaches
  6 goblins
  8 hobgoblins
  7 jackals
  6 kobolds
  A quokka (D:2)
  5 giant newts
  2 rats
67 creatures vanquished.

Grand Total: 95 creatures vanquished

Notes
Turn   | Place    | Note
--------------------------------------------------------------
     0 | D:1      | Hopiakuusi the Mummy Summoner began the quest for the Orb.
     0 | D:1      | Reached XP level 1. HP: 13/13 MP: 3/3
   337 | D:1      | Reached XP level 2. HP: 16/19 MP: 1/5
   341 | D:1      | Learned a level 2 spell: Call Imp
  1539 | D:2      | Reached XP level 3. HP: 10/24 MP: 1/7
  1714 | D:2      | Learned a level 3 spell: Call Canine Familiar
  1757 | D:2      | Noticed Natasha
  1769 | D:2      | Killed Natasha
  1994 | D:2      | Noticed Sigmund
  2017 | D:2      | Killed Sigmund
  2017 | D:2      | Reached XP level 4. HP: 30/30 MP: 2/9
  2219 | D:2      | Noticed Natasha
  2232 | D:2      | Killed Natasha
  2232 | D:2      | Reached XP level 5. HP: 21/35 MP: 6/10
  2794 | D:2      | Noticed Natasha
  2801 | D:2      | Killed Natasha
  3167 | D:2      | Learned a level 4 spell: Summon Lightning Spire
  4195 | D:3      | Found a glowing golden altar of the Shining One.
  4198 | D:3      | Noticed an angel
  4276 | D:3      | Found a basalt altar of Yredelemnul.
  4873 | D:4      | Noticed Blork the orc
  4886 | D:4      | Killed Blork the orc
  4886 | D:4      | Reached XP level 6. HP: 37/41 MP: 3/12
  5268 | D:4      | Reached skill level 1 in Air Magic
  5320 | D:4      | HP: 2/41 [killer bee (1)]
  5323 | D:4      | Slain by a killer bee

Skill      XL: |  1  2  3  4  5  6 |
---------------+-------------------+-----
Spellcasting   | 3 4 |  4.7
Summonings     | 4 |  4.9
Air Magic      | 1 |  1.0
Dodging        | |  1.5
Stealth        | |  1.5

Action                   |  1- 3 |  4- 6 || total
-------------------------+-------+-------++-------
Melee: Hand axe          |    27 |    52 ||    79
       Unarmed           |     4 |       ||     4
 Cast: Summon Small Mamm |    22 |     7 ||    29
       Call Imp          |    26 |    30 ||    56
       Call Canine Famil |     3 |    29 ||    32
  Use: Scroll            |       |     3 ||     3
 Stab: Sleeping          |     2 |     4 ||     6
       Distracted        |     1 |       ||     1
Armor: Robe              |     8 |    14 ||    22
Dodge: Dodged            |    34 |    52 ||    86
